[Event "Bremer Silvester Open-A 2024"]
[Site "Bremen"]
[Date "2024.12.29"]
[Round "5.1"]
[White "Wachinger, Nikolas"]
[Black "Kramer, Julian"]
[Result "1/2-1/2"]
[ECO "D85"]
[WhiteElo "2441"]
[BlackElo "2480"]
[Annotator "TA"]
[PlyCount "59"]
[EventDate "2024.12.16"]
[EventType "swiss"]
[EventCountry "GER"]
[SourceTitle "playchess.com"]
[Source "ChessBase"]
[SourceQuality "1"]
[TimeControl "5400+30"]

1. d4 Nf6 2. c4 g6 3. Nc3 d5 4. cxd5 Nxd5 5. Na4 Bg7 6. e4 Nb6 7. Be3 O-O 8. Nf3 Nxa4 9. Qxa4 c5 10. Rd1 Bd7 11. Qa3 cxd4 12. Nxd4 Qc8 13. Be2 Nc6 14. O-O Nxd4 15. Bxd4 Bxd4 16. Rxd4 Be6 17. e5 Rd8 18. Rxd8+ Qxd8 19. Bf3 Qc7 20. b3 a5 21. Rc1 Qxe5 22. Qxe7 Qb2 23. Re1 Qd2 24. Rxe6 fxe6 25. Qxe6+ $11 {[%emt 0:00:07] KQR-KQB} Kg7 26. Qe7+ $1 Kh6 27. Qh4+ Kg7 28. Qe7+ Kh6 {[%emt 0:00:16] ( -> ...Qc1+)} 29. Qh4+ {[%emt 0:00:07][%mdl 1024] White has compensation.} Kg7 30. Qe7+ 1/2-1/2

[Event "Bremer Silvester Open-A 2024"]
[Site "Bremen"]
[Date "2024.12.29"]
[Round "5.2"]
[White "Steffens, Olaf"]
[Black "Hedke, Fred"]
[Result "1-0"]
[ECO "A01"]
[WhiteElo "2169"]
[BlackElo "2171"]
[Annotator "RC"]
[PlyCount "57"]
[EventDate "2024.12.16"]
[EventType "swiss"]
[EventCountry "GER"]
[SourceTitle "playchess.com"]
[Source "ChessBase"]
[SourceQuality "1"]
[TimeControl "5400+30"]

1. b3 e5 2. Bb2 Nc6 3. e3 Nf6 4. a3 a6 5. c4 Be7 6. Qc2 d6 7. Nf3 Bg4 8. Be2 O-O 9. d3 Re8 10. Nbd2 d5 11. h3 Bxf3 12. Nxf3 d4 13. e4 a5 14. g3 Nd7 15. Kf1 Nc5 16. Kg2 Qd7 17. Nd2 Bg5 18. Bc1 f5 19. exf5 Bxd2 20. Bxd2 Qxf5 21. b4 Rf8 22. f3 axb4 23. axb4 Rxa1 24. Rxa1 Ne6 25. c5 Ne7 26. Qc4 c6 27. f4 Nd5 28. Bg4 Qf7 29. Re1 1-0

[Event "Bremer Silvester Open-A 2024"]
[Site "Bremen"]
[Date "2024.12.29"]
[Round "5.3"]
[White "Donath, Johann"]
[Black "Reuker, Jari"]
[Result "0-1"]
[ECO "B85"]
[WhiteElo "2100"]
[BlackElo "2408"]
[Annotator "TA"]
[PlyCount "112"]
[EventDate "2024.12.16"]
[EventType "swiss"]
[EventCountry "GER"]
[SourceTitle "playchess.com"]
[Source "ChessBase"]
[SourceQuality "1"]
[TimeControl "5400+30"]

1. e4 c5 2. Nf3 e6 3. d4 cxd4 4. Nxd4 Nc6 5. Nc3 Qc7 6. Be3 a6 7. Be2 Nf6 8. O-O Be7 9. f4 d6 10. Qe1 O-O 11. Rd1 Nxd4 12. Bxd4 b5 13. e5 dxe5 14. Bxe5 Qb6+ 15. Bd4 Bc5 16. Qf2 Bxd4 17. Qxd4 Rb8 18. Bf3 a5 19. Qxb6 Rxb6 20. g4 b4 21. Na4 Rb5 22. Bc6 {[%emt 0:04:30] [#]} Ba6 $1 23. Rfe1 (23. Bxb5 Bxb5 24. g5 Bxf1 (24... Bxa4 25. gxf6 Bxc2 26. fxg7 $16) 25. Rxf1 Nd5 $17) 23... Rbb8 24. g5 Nh5 25. Rd4 (25. Re5 $11) 25... Bb5 ({Black should play} 25... Rfc8 $17 26. Bf3 g6) 26. Bxb5 $11 Rxb5 27. Re5 Rxe5 (27... Nxf4 $5 28. Rxb5 Ne2+ 29. Kf2 Nxd4 30. Rxa5 f6 $15 (30... Nxc2 31. Rc5 $17)) 28. fxe5 $15 {[%emt 0:00:05][%mdl 4096] Endgame KRN-KRN} h6 29. gxh6 gxh6 30. c4 bxc3 31. Nxc3 Rc8 32. Kf2 (32. Rh4 $5 Ng7 $8 33. Rxh6 $15) 32... Kh7 33. Kf3 Rc5 34. Ke4 Ng7 35. Rd7 Kg6 36. Kd4 Rc8 37. Rb7 (37. b3 $11) 37... Nf5+ $17 38. Kd3 Rd8+ 39. Kc4 Rd2 (39... Nd4 $17) 40. Kb3 $2 (40. h3 $11 {and White stays safe.}) 40... Rxh2 $19 41. Ra7 Nd4+ 42. Ka3 Nc6 43. Rc7 (43. Ra6 $142 Nxe5 44. Na4) 43... Nxe5 44. b4 axb4+ 45. Kxb4 Rb2+ 46. Kc5 h5 47. Kd4 (47. Rc8 $142 Nd7+ 48. Kd4) 47... Kf5 48. a3 h4 49. Ne4 Kf4 50. Nc5 h3 {[%emt 0:00:59] White must now prevent ...h2.} 51. Nd3+ Nxd3 52. Rxf7+ Kg3 53. Kxd3 h2 54. Rh7 Ra2 55. Ke3 Rxa3+ 56. Ke2 Kg2 0-1

[Event "Bremer Silvester Open-A 2024"]
[Site "Bremen"]
[Date "2024.12.29"]
[Round "5.4"]
[White "Pahl, Theis"]
[Black "Gressmann, Moritz"]
[Result "1/2-1/2"]
[ECO "A30"]
[WhiteElo "2136"]
[BlackElo "2122"]
[Annotator "RC"]
[PlyCount "120"]
[EventDate "2024.12.16"]
[EventType "swiss"]
[EventCountry "GER"]
[SourceTitle "playchess.com"]
[Source "ChessBase"]
[SourceQuality "1"]
[TimeControl "5400+30"]

1. c4 Nf6 2. e3 e6 3. Nf3 b6 4. b3 Bb7 5. Bb2 Be7 6. Be2 O-O 7. O-O d5 8. cxd5 Nxd5 9. Nc3 c5 10. Rc1 Nc6 11. Qc2 Bf6 12. Rfd1 Rc8 13. a3 Nxc3 14. dxc3 Qe7 15. Nd2 Rfd8 16. Ne4 Be5 17. f4 Bb8 18. Rf1 f6 19. Bd3 c4 20. Bxc4 Na5 21. Bd3 Nxb3 22. Rcd1 Na5 23. Nd2 f5 24. e4 e5 25. Rfe1 exf4 26. exf5 Qc5+ 27. Kh1 Qf2 28. Nf3 Qxc2 29. Bxc2 Bxf3 30. gxf3 Rxd1 31. Rxd1 Be5 32. Be4 Nc4 33. Bc1 Ne3 34. Rd3 Rxc3 35. Rxc3 Bxc3 36. Kg1 Bd4 37. Bxe3 fxe3 38. Kf1 b5 39. Ke2 a5 40. f4 Kf7 41. Bc2 Kf6 42. h3 Bc5 43. Kf3 h6 44. Bd3 b4 45. axb4 axb4 46. Bc2 Ke7 47. Bb3 Kd6 48. Ke2 Kc6 49. Kd3 Kb5 50. Ke2 Bd4 51. Kd3 Kc5 52. Bf7 Kd6 53. Bb3 Ke7 54. Ke2 Bb6 55. Kf3 Kd6 56. Ke2 Ba7 57. Kf3 Ke7 58. Ke2 Kf6 59. Bc2 h5 60. Kf3 Bc5 1/2-1/2

[Event "Bremer Silvester Open-A 2024"]
[Site "Bremen"]
[Date "2024.12.29"]
[Round "5.5"]
[White "Beeck, Mats"]
[Black "Kieselbach, Marvin"]
[Result "1-0"]
[ECO "E01"]
[WhiteElo "2241"]
[BlackElo "2008"]
[Annotator "RC"]
[PlyCount "59"]
[EventDate "2024.12.16"]
[EventType "swiss"]
[EventCountry "GER"]
[SourceTitle "playchess.com"]
[Source "ChessBase"]
[SourceQuality "1"]
[TimeControl "5400+30"]

1. Nf3 Nf6 2. g3 e6 3. Bg2 d5 4. O-O c5 5. c4 Nc6 6. cxd5 Nxd5 7. d4 cxd4 8. Nxd4 Be7 9. Nxc6 bxc6 10. Qc2 Bd7 11. a3 O-O 12. Nd2 Rc8 13. Nc4 Qc7 14. e4 Nb6 15. Bf4 Qb7 16. Nd6 Bxd6 17. Bxd6 Rfd8 18. b4 c5 19. bxc5 Bc6 20. Qe2 Na4 21. Rfc1 Bb5 22. Qg4 Kh8 23. Rab1 Qa6 24. e5 Bd3 25. Rb4 Nxc5 26. Bxc5 Be2 27. Qg5 Qa5 28. Bd6 f6 29. Rxc8 Rxc8 30. Qe3 1-0

[Event "Bremer Silvester Open-A 2024"]
[Site "Bremen"]
[Date "2024.12.29"]
[Round "5.6"]
[White "Kreutz, Jonas"]
[Black "Pahl, Erik"]
[Result "0-1"]
[ECO "C54"]
[WhiteElo "2009"]
[BlackElo "2166"]
[Annotator "ChessBase"]
[PlyCount "48"]
[EventDate "2024.12.16"]
[EventType "swiss"]
[EventCountry "GER"]
[SourceTitle "playchess.com"]
[Source "ChessBase"]
[SourceQuality "1"]
[TimeControl "5400+30"]

1. e4 e5 2. Nf3 Nc6 3. Bc4 Nf6 4. d3 Bc5 5. O-O d6 6. c3 a6 7. a4 Ba7 8. Nbd2 O-O 9. h3 Ne7 10. Re1 Ng6 11. Nf1 c6 12. d4 Re8 13. Bd3 d5 14. dxe5 Nxe4 15. Bxe4 dxe4 16. Qxd8 Rxd8 17. Bg5 f6 18. exf6 gxf6 19. Bxf6 Rf8 20. Rxe4 Rxf6 21. Ng3 Bxh3 22. Kh2 Bf5 23. Re2 Bg4 24. Ne4 Rff8 0-1

[Event "Bremer Silvester Open-A 2024"]
[Site "Bremen"]
[Date "2024.12.29"]
[Round "5.7"]
[White "Loechner, Mark"]
[Black "Storm, Max"]
[Result "1/2-1/2"]
[ECO "D11"]
[WhiteElo "1813"]
[BlackElo "2053"]
[Annotator "NA RC"]
[PlyCount "121"]
[EventDate "2024.12.16"]
[EventType "swiss"]
[EventCountry "GER"]
[SourceTitle "playchess.com"]
[Source "ChessBase"]
[SourceQuality "1"]
[TimeControl "5400+30"]

1. Nf3 Nf6 2. g3 d5 3. Bg2 Bf5 4. c4 c6 5. O-O e6 6. d4 Be7 7. Re1 Ne4 8. Nc3 Nd7 9. Nd2 Nxd2 10. Qxd2 Nf6 11. e4 dxe4 12. Nxe4 O-O 13. b3 Qb6 14. Bb2 Rfd8 15. Qf4 Bxe4 16. Bxe4 Nxe4 17. Rxe4 Bf6 18. Rd1 Rd7 19. Re2 Rad8 20. Red2 Qa5 21. Qe3 h6 22. Kg2 Qb6 23. h4 a6 24. Kg1 Qc7 25. a4 Qd6 26. Bc3 Qe7 27. Ba5 Re8 28. Bb6 Rc8 29. Rd3 Qe8 30. Kg2 Bd8 31. Bxd8 Rcxd8 32. f4 Rd6 33. c5 Rd5 34. b4 Qd7 35. Kf2 Qe7 36. a5 Qf6 37. Ke2 Qf5 38. Qf3 h5 39. Ke3 Kh7 40. Qe4 Kg6 41. Rg1 f6 42. Re1 e5 43. fxe5 fxe5 44. Qxf5+ Kxf5 45. Rf1+ Ke6 46. Rfd1 Rxd4 47. Rxd4 Rxd4 48. Rxd4 exd4+ 49. Kxd4 Kf5 50. Ke3 Kg4 51. Kf2 g5 52. hxg5 Kxg5 53. Ke3 Kg4 54. Kf2 Kf5 55. Kf3 Ke5 56. Ke3 Kf5 57. Kf3 Kg5 58. Ke3 Kg4 59. Kf2 Kf5 60. Ke3 Ke5 61. Kf2 1/2-1/2

[Event "Bremer Silvester Open-A 2024"]
[Site "Bremen"]
[Date "2024.12.29"]
[Round "5.8"]
[White "Bundan, Edward"]
[Black "Rust-Lux, Klaus"]
[Result "1-0"]
[ECO "E85"]
[WhiteElo "1822"]
[BlackElo "2072"]
[Annotator "NA RC"]
[PlyCount "103"]
[EventDate "2024.12.16"]
[EventType "swiss"]
[EventCountry "GER"]
[SourceTitle "playchess.com"]
[Source "ChessBase"]
[SourceQuality "1"]
[TimeControl "5400+30"]

1. d4 g6 2. c4 Bg7 3. Nc3 d6 4. e4 Nc6 5. Be3 e5 6. Nge2 Nf6 7. d5 Ne7 8. f3 O-O 9. Qd2 Nd7 10. O-O-O f5 11. Kb1 a6 12. Nc1 Nf6 13. Be2 Bd7 14. Rdg1 b5 15. a3 Qb8 16. c5 b4 17. axb4 Qxb4 18. c6 Bc8 19. N1a2 Qb8 20. h3 f4 21. Bf2 Nh5 22. Rc1 a5 23. Bb5 h6 24. Rhd1 Bf6 25. Qc2 Ng3 26. Qa4 Kg7 27. Ne2 Bh4 28. Nxg3 fxg3 29. Be3 Ba6 30. Bxa6 Rxa6 31. Rc3 Nc8 32. Qc4 Qa8 33. Rb3 Bd8 34. Rb8 Qxb8 35. Qxa6 Nb6 36. Bxb6 Qxb6 37. Qxb6 cxb6 38. Nc3 Bc7 39. Nb5 Rf7 40. Ka2 Kf8 41. Ka3 Ke8 42. Ka4 Kd8 43. b4 Kc8 44. bxa5 bxa5 45. Nxc7 Rxc7 46. Rb1 Rf7 47. Kb5 g5 48. Kb6 h5 49. Ra1 g4 50. Rxa5 Kb8 51. fxg4 hxg4 52. hxg4 1-0